 Dungeon Crawl Stone Soup version 0.23.1-38-g628c18f (webtiles) character file.

Game seed: 15793558299978083655

138 dvd the Charmwright (level 5, -13/39 HPs)
             Began as a Demonspawn Skald on Mar 28, 2019.
             Was a Believer of Fedhas.
             Killed by nerve-wracking pain
             ... invoked by an orc priest
              (14 damage)
             ... on level 3 of the Dungeon.
             The game lasted 00:10:27 (3895 turns).

dvd the Charmwright (Demonspawn Skald)              Turns: 3895, Time: 00:10:28

Health: -13/39     AC:  8    Str: 12    XL:     5   Next: 1%
Magic:  6/8        EV: 11    Int: 14    God:    Fedhas [**....]
Gold:   122        SH:  0    Dex: 13    Spells: 4/9 levels left

rFire    . . .     SeeInvis .   t - +1 whip (elec)
rCold    . . .     Gourm    .   (no shield)
rNeg     . . .     Faith    .   c - +0 ring mail
rPois    .         Spirit   .   q - +0 helmet
rElec    .         Reflect  .   (no cloak)
rCorr    .         Harm     .   o - +1 pair of gloves
MR       .....                  (no boots)
Stlth    +++.......             (no amulet)
HPRegen  0.13/turn              (no ring)
MPRegen  0.11/turn              (no ring)

@: singing
A: talons 1, demonic guardian 1, nightstalker 2
a: Fungal Bloom, Sunlight, Evolution, Renounce Religion


You were on level 3 of the Dungeon.
You worshipped Fedhas.
Fedhas was pleased with you.
You were not hungry.

You visited 1 branch of the dungeon, and saw 3 of its levels.

You collected 122 gold pieces.

Inventory:

Hand Weapons
 a - a +0 hand axe
 h - a +0 dagger of venom
 t - a +1 whip of electrocution (weapon)
Armour
 b - a +0 leather armour
 c - a +0 ring mail (worn)
 o - a +1 pair of gloves (worn)
 q - a +0 helmet (worn)
Wands
 n - a wand of acid (4)
 p - a wand of iceblast (11)
Scrolls
 f - 3 scrolls of identify
 i - 3 scrolls of amnesia {unknown}
 m - a scroll of remove curse
Potions
 e - a potion of agility
 g - 2 potions of curing {unknown}
 k - a potion of haste {unknown}
 l - a potion of lignification {unknown}
 r - a potion of heal wounds {unknown}
 s - a potion of berserk rage {unknown}
Comestibles
 d - 4 rations


   Skills:
 + Level 2.5 Fighting
 + Level 2.6 Axes
 + Level 0.1(1.5) Maces & Flails
 + Level 1.3 Armour
 + Level 2.1 Dodging
 + Level 1.2 Stealth
 + Level 2.5 Spellcasting
 + Level 3.2 Charms
 + Level 1.0 Translocations


You had 4 spell levels left.
You knew the following spells:

 Your Spells              Type           Power        Failure   Level  Hunger
a - Infusion              Chrm           ##..         13%         1    #......
b - Shroud of Golubria    Chrm/Tloc      #.........   30%         2    ###....
c - Song of Slaying       Chrm           ##......     21%         2    ###....

Your spell library contained the following spells:

 Spells                   Type           Power        Failure   Level  Hunger
 Regeneration             Chrm/Necr      #.........   58%         3    ###....
 Spectral Weapon          Hex/Chrm       #.......     58%         3    ###....


Dungeon Overview and Level Annotations

Branches:
Dungeon (3/15)

Altars:
Cheibriados
Fedhas
Trog


Innate Abilities, Weirdness & Mutations

You have sharp toenails.
A weak demonic guardian rushes to your aid.
You are significantly more attuned to the shadows.


Message History

The orc wizard points at you and mumbles some strange words.
The puff of frost hits you.
* * * LOW HITPOINT WARNING * * *
Your ufetubus hits the rat.
The rat dies!
Unknown command.
You hit the orc wizard. You claw the orc wizard.
The orc wizard is severely wounded.
You hear an angry hiss.
The bat hits you but does no damage.
Your ufetubus closely misses the orc wizard.
Your ufetubus hits the orc wizard.
The orc wizard hits you with a cursed +0 dagger.
* * * LOW HITPOINT WARNING * * *
The orc hits you with a +0 dagger.
* * * LOW HITPOINT WARNING * * *
The orc priest mumbles some strange prayers to Beogh against you.
Pain shoots through your body!
You die...
Fedhas appreciates your contribution to the ecosystem.

.# #..# #(.#
##...#.# .#
##.##.# .#
####.# .. #..#
#.# ## #.. #.#
#..## #.#
##############
#5#.### #.#
#............#
#o†...#
####.###
#.##########.#
#@og..##
##....... #.#
#.# #Ko.....
......### #.#
#.###gS...#
##.##§# ..#
#....b#...#
##.##.# ###
#...........
....[.#
#...#.#..#.#
##.#
#...........
#.#
......#.#.#.
...
###........
.#.##


You could see an orc priest, an orc wizard, an adder, an orc, a hobgoblin, a
goblin, a bat, a kobold and a friendly ufetubus.

Vanquished Creatures
  4 gnolls
  2 oozes
  3 worms (D:2)
  3 dart slugs
  4 leopard geckos
  An orc (D:3)
  9 bats
  4 giant cockroaches
  7 goblins
  11 hobgoblins
  2 quokkas (D:3)
  A ball python (D:1)
  4 frilled lizards
  6 kobolds
  9 rats
70 creatures vanquished.

Vanquished Creatures (collateral kills)
  A rat (D:3)
1 creature vanquished.

Vanquished Creatures (others)
  39 toadstools
39 creatures vanquished.

Grand Total: 110 creatures vanquished

Notes
Turn   | Place    | Note
-------+----------+-------------------------------------------
     0 | D:1      | dvd the Demonspawn Skald began the quest for the Orb.
     0 | D:1      | Reached XP level 1. HP: 16/16 MP: 3/3
    22 | D:1      | Reached skill level 3 in Charms
   297 | D:1      | Gained mutation: You are slightly more attuned to the
                  | shadows. [demonic ancestry]
   297 | D:1      | Reached XP level 2. HP: 19/22 MP: 5/5
   300 | D:1      | Found a snail-covered altar of Cheibriados.
   359 | D:1      | Learned a level 2 spell: Shroud of Golubria
   362 | D:1      | Learned a level 2 spell: Song of Slaying
  1222 | D:1      | Gained mutation: You have sharp toenails. [demonic
                  | ancestry]
  1222 | D:1      | Reached XP level 3. HP: 24/27 MP: 3/6
  1332 | D:1      | Reached skill level 1 in Armour
  1648 | D:2      | Found a faded altar of an unknown god.
  1655 | D:2      | Became a worshipper of Fedhas Madash
  1655 | D:2      | Reached * piety under Fedhas
  1675 | D:2      | Found a bloodstained altar of Trog.
  2595 | D:2      | Gained mutation: You are significantly more attuned to the
                  | shadows. [demonic ancestry]
  2595 | D:2      | Reached XP level 4. HP: 29/33 MP: 7/7
  3160 | D:2      | Reached skill level 1 in Stealth
  3160 | D:2      | Reached skill level 1 in Translocations
  3586 | D:3      | Reached ** piety under Fedhas
  3893 | D:3      | Gained mutation: A weak demonic guardian rushes to your
                  | aid. [demonic ancestry]
  3893 | D:3      | Reached XP level 5. HP: 21/39 MP: 5/8
  3895 | D:3      | HP: 1/39 [orc/+0 dagger (1)]
  3895 | D:3      | Killed from afar by an orc priest

Skill      XL: |  1  2  3  4 |
---------------+-------------+-----
Charms         | 3 |  3.2
Axes           | 2 |  2.6
Armour         | 1 |  1.3
Stealth        | 1 |  1.2
Translocations | 1 |  1.0
Dodging        | 2 |  2.1
Fighting       | |  2.5
Maces & Flails | |  0.1
Spellcasting   | |  2.5

Action                   |  1- 3 |  4- 6 || total
-------------------------+-------+-------++-------
Melee: Hand axe          |   141 |    45 ||   186
       Kick              |    14 |    18 ||    32
       Whip              |       |    42 ||    42
 Cast: Shroud of Golubri |    13 |     3 ||    16
       Infusion          |     3 |     2 ||     5
       Song of Slaying   |       |     2 ||     2
Invok: Fungal Bloom      |     5 |     8 ||    13
  Use: Scroll            |       |     7 ||     7
 Stab: Sleeping          |     6 |     2 ||     8
  Eat: Chunk             |     5 |     7 ||    12
Armor: Leather armour    |     3 |       ||     3
       Ring mail         |    46 |    48 ||    94
Dodge: Dodged            |    90 |    81 ||   171
